Connexion

BOSTON Bruins vs CAROLINA Hurricanes (R3)

Created - 16 janvier 2024 at 05:55

Goals
1 2 3 T
BOSTON Bruins 0 1 1 2
CAROLINA Hurricanes 0 1 0 1
Shots
1 2 3 T
BOSTON Bruins 15 9 10 34
CAROLINA Hurricanes 2 4 10 16

GoalsPenalties
1st period
No Goal
Wayne Simmonds (CAR) for Delaying the game (Minor) at 0:24
Jonathan Marchessault (BOS) for Roughing (Minor) at 1:15
Connor Dewar (CAR) for Roughing (Minor) at 6:23
Owen Power (CAR) for Tripping (Minor) at 18:04
2nd period
1. CAROLINA Hurricanes , Pontus Aberg 18 (Brandon Sutter 22, Owen Power 40) at 2:01
2. BOSTON Bruins , Henri Jokiharju 6 (Kaapo Kakko 21, Chris Kreider 9) at 7:45
Andre Burakovsky (BOS) for Delaying the game (Minor) at 4:17
Blake Wheeler (CAR) for Tripping (Minor) at 13:16
Owen Power (CAR) for Slashing (Minor) at 18:42
3rd period
3. BOSTON Bruins , Matt Dumba 14 (Mikael Granlund 47, Dmitri Orlov 33) at 0:24 (PP)
Brett Pesce (CAR) for Goalie Interference (Minor) at 2:15
Matt Dumba (BOS) for Interference (Minor) at 4:31
Jonathan Marchessault (BOS) for Interference (Minor) at 10:33
Goalie Stats
Jacob Markstrom (BOS), 15 saves from 16 shots - (0,938), W, 21-12-3, 60:00 minutes
Ilya Samsonov (CAR), 32 saves from 34 shots - (0,941), L, 29-21-0, 59:20 minutes
3 StarsOfficial
1 - Henri Jokiharju (BOS)
2 - Chris Kreider (BOS)
3 - Ilya Samsonov (CAR)
Referees : Kevin Pollock and Marc Joannette
Linesman : Mark Wheler and Dan Schachte
Game Note
No Game Note
Finance
Level 1 -- Attendance: 6000 (100,00%) -- Ticket Income $720,000
Level 2 -- Attendance: 5680 (100,00%) -- Ticket Income $397,600
Level 3 -- Attendance: 2000 (100,00%) -- Ticket Income $90,000
Level 4 -- Attendance: 3281 (82,03%) -- Ticket Income $131,240
Luxury Box -- Attendance: 989 (98,90%) -- Ticket Income $207,690
Game was played at the RBC Center.
Total Attendance: 17950 (96,09%)
Total Ticket Income: $1,546,530
Other Income: $309,306
Total Income: $1,855,836



Team Name Goals Shots Shots Attemp Shots Blocked PIM HIT PP PK FO%
BOSTON Bruins 2347578261 / 6 (17%)051%
CAROLINA Hurricanes 116361312290 / 4 (0%)149%

BOSTON Bruins
Player Name POS G A P +/- PIM HIT SHT SB MP PP MP PP SHT PK MP PK SHT FO% FOT
Adam BoqvistD000-1026122:005:2863:0400% 0
Alex IafalloC/LW0000003011:280:0000:0000% 0
Andre BurakovskyC/LW/RW0001201020:215:0102:42044% 27
Brandon TanevLW/RW000000005:180:0000:460100% 1
Chris KreiderLW/RW0111051118:035:0101:310100% 1
Dmitri OrlovD0110000024:475:0103:3400% 0
Elias PetterssonC000-1013021:205:2801:48042% 26
Henri JokiharjuD1011021013:540:0000:5100% 0
Jonathan MarchessaultRW000-1434119:305:2710:00067% 3
Kaapo KakkoRW0111022016:325:0110:00050% 2
Matt DumbaD1010226023:265:0142:1400% 0
Max LajoieD0001000113:030:0000:0000% 0
Mikael GranlundC/LW011-1044024:035:2823:230100% 2
Rasmus AnderssonD000-1021222:495:2813:5300% 0
Ryan Carpenter C/RW000001117:300:0002:58020% 5
Thomas NovakC0000001011:560:0000:28082% 11
Walker DuehrRW000001004:320:0000:0000% 0
Zachary SenyshynRW0000010011:280:0000:0000% 1
CAROLINA Hurricanes
Player Name POS G A P +/- PIM HIT SHT SB MP PP MP PP SHT PK MP PK SHT FO% FOT
Alexandre TexierC/LW000000009:520:0000:2100% 0
Blake LizotteC000000003:310:4800:210100% 1
Blake WheelerLW/RW000-1210111:250:0000:430100% 2
Brandon SutterC/RW0111006118:003:2910:00063% 19
Brett PesceD0000243224:133:0615:1100% 0
Cam YorkD000-1010214:520:0002:0900% 0
Connor DewarC000020109:300:0000:00050% 10
Curtis LazarC/LW/RW000-1020010:080:0000:00056% 9
Esa LindellD0001030122:083:4204:2300% 0
Jack HughesC000-1003026:002:3116:29031% 26
James van RiemsdykLW/RW0001022022:313:2904:030100% 1
KAndre MillerD000-1030112:460:0000:0300% 0
Marcus JohanssonC/LW/RW0000010025:443:1906:050100% 1
Miles WoodLW000000000:350:0000:0000% 0
Owen PowerD0111400320:453:4203:0200% 0
Pontus AbergLW/RW1011011018:003:2900:00050% 2
Ryan EllisD0000050225:133:0606:1000% 0
Wayne SimmondsLW/RW0000260013:043:1902:56038% 8



Play-by-Play

1st period


0:01 of 1st period - Elias Pettersson wins face-off versus Jack Hughes in neutral zone.
0:24 of 1st period - Minor Penalty to Wayne Simmonds for Delaying the game.
0:25 of 1st period - Andre Burakovsky wins face-off versus Jack Hughes in CAROLINA Hurricanes zone.
1:15 of 1st period - Minor Penalty to Jonathan Marchessault for Roughing.
1:16 of 1st period - Andre Burakovsky wins face-off versus Jack Hughes in BOSTON Bruins zone.
3:39 of 1st period - Icing by Alex Iafallo.
3:40 of 1st period - Connor Dewar wins face-off versus Thomas Novak in BOSTON Bruins zone.
4:07 of 1st period - Max Lajoie is hit by Esa Lindell and loses puck.
4:24 of 1st period - Shot by Elias Pettersson.
4:24 of 1st period - Shot Misses the Net.
4:26 of 1st period - Shot by Jonathan Marchessault.
4:26 of 1st period - Stopped by Ilya Samsonov without a rebound.
4:27 of 1st period - Pontus Aberg wins face-off versus Ryan Carpenter in CAROLINA Hurricanes zone.
4:37 of 1st period - Brandon Sutter is hit by Walker Duehr and loses puck.
4:48 of 1st period - Shot by Brandon Tanev.
4:48 of 1st period - Deflect By Walker Duehr.
4:48 of 1st period - Shot Blocked by Ryan Ellis.
5:43 of 1st period - Icing by KAndre Miller.
5:44 of 1st period - Curtis Lazar wins face-off versus Kaapo Kakko in CAROLINA Hurricanes zone.
5:50 of 1st period - Chris Kreider is hit by Curtis Lazar and loses puck.
5:56 of 1st period - Kaapo Kakko is hit by KAndre Miller.
6:03 of 1st period - Cam York is hit by Chris Kreider and loses puck.
6:10 of 1st period - Shot by Andre Burakovsky.
6:10 of 1st period - Stopped by Ilya Samsonov without a rebound.
6:11 of 1st period - Connor Dewar wins face-off versus Elias Pettersson in CAROLINA Hurricanes zone.
6:23 of 1st period - Minor Penalty to Connor Dewar for Roughing.
6:24 of 1st period - Jonathan Marchessault wins face-off versus Jack Hughes in CAROLINA Hurricanes zone.
6:24 of 1st period - Matt Dumba is hit by Ryan Ellis.
6:46 of 1st period - Shot by Matt Dumba.
6:46 of 1st period - Shot Misses the Net.
6:48 of 1st period - Shot by Elias Pettersson.
6:48 of 1st period - Shot Misses the Net.
6:50 of 1st period - Shot by Elias Pettersson.
6:50 of 1st period - Shot Blocked by Brett Pesce.
6:52 of 1st period - Shot by Mikael Granlund.
6:52 of 1st period - Shot Misses the Net.
6:54 of 1st period - Shot by Jonathan Marchessault.
6:54 of 1st period - Stopped by Ilya Samsonov without a rebound.
6:55 of 1st period - Chris Kreider wins face-off versus Wayne Simmonds in CAROLINA Hurricanes zone.
6:56 of 1st period - Shot by Adam Boqvist.
6:56 of 1st period - Stopped by Ilya Samsonov without a rebound.
6:57 of 1st period - Andre Burakovsky wins face-off versus Jack Hughes in CAROLINA Hurricanes zone.
6:58 of 1st period - Shot by Adam Boqvist.
6:58 of 1st period - Stopped by Ilya Samsonov without a rebound.
6:59 of 1st period - Elias Pettersson wins face-off versus Jack Hughes in CAROLINA Hurricanes zone.
7:12 of 1st period - Shot by Matt Dumba.
7:12 of 1st period - Shot Misses the Net.
7:34 of 1st period - Shot by Dmitri Orlov.
7:34 of 1st period - Shot Blocked by Ryan Ellis.
8:06 of 1st period - Shot by Andre Burakovsky.
8:06 of 1st period - Shot Blocked by Esa Lindell.
8:08 of 1st period - Shot by Andre Burakovsky.
8:08 of 1st period - Shot Blocked by Owen Power.
8:10 of 1st period - Shot by Andre Burakovsky.
8:10 of 1st period - Shot Blocked by Owen Power.
8:12 of 1st period - Shot by Kaapo Kakko.
8:12 of 1st period - Stopped by Ilya Samsonov without a rebound.
8:13 of 1st period - Andre Burakovsky wins face-off versus Wayne Simmonds in CAROLINA Hurricanes zone.
8:23 of 1st period - Kaapo Kakko is hit by KAndre Miller and loses puck.
8:46 of 1st period - Icing by KAndre Miller.
8:47 of 1st period - Brandon Sutter wins face-off versus Ryan Carpenter in CAROLINA Hurricanes zone.
9:06 of 1st period - Shot by James van Riemsdyk.
9:06 of 1st period - Shot Misses the Net.
9:08 of 1st period - Shot by James van Riemsdyk.
9:08 of 1st period - Shot Misses the Net.
9:10 of 1st period - Shot by Brandon Sutter.
9:10 of 1st period - Stopped by Jacob Markstrom without a rebound.
9:11 of 1st period - Wayne Simmonds wins face-off versus Elias Pettersson in BOSTON Bruins zone.
9:28 of 1st period - Shot by Elias Pettersson.
9:28 of 1st period - Stopped by Ilya Samsonov without a rebound.
9:29 of 1st period - Andre Burakovsky wins face-off versus Connor Dewar in CAROLINA Hurricanes zone.
9:58 of 1st period - Shot by Kaapo Kakko.
9:58 of 1st period - Shot Misses the Net.
10:00 of 1st period - Shot by Andre Burakovsky.
10:00 of 1st period - Shot Misses the Net.
10:02 of 1st period - Shot by Andre Burakovsky.
10:02 of 1st period - Shot Misses the Net.
10:23 of 1st period - Owen Power is hit by Adam Boqvist and loses puck.
10:34 of 1st period - Shot by Mikael Granlund.
10:34 of 1st period - Stopped by Ilya Samsonov without a rebound.
10:35 of 1st period - Thomas Novak wins face-off versus Brandon Sutter in CAROLINA Hurricanes zone.
10:54 of 1st period - Shot by Pontus Aberg.
10:54 of 1st period - Deflect By Brandon Sutter.
10:54 of 1st period - Stopped by Jacob Markstrom without a rebound.
10:55 of 1st period - Elias Pettersson wins face-off versus Curtis Lazar in BOSTON Bruins zone.
11:21 of 1st period - Elias Pettersson is hit by KAndre Miller and loses puck.
12:16 of 1st period - Shot by Chris Kreider.
12:16 of 1st period - Shot Blocked by KAndre Miller.
12:18 of 1st period - Shot by Chris Kreider.
12:18 of 1st period - Deflect By Andre Burakovsky.
12:18 of 1st period - Shot Blocked by Cam York.
12:20 of 1st period - Shot by Andre Burakovsky.
12:20 of 1st period - Shot Misses the Net.
12:22 of 1st period - Shot by Matt Dumba.
12:22 of 1st period - Stopped by Ilya Samsonov without a rebound.
12:23 of 1st period - Thomas Novak wins face-off versus Brandon Sutter in CAROLINA Hurricanes zone.
12:32 of 1st period - Henri Jokiharju is hit by Pontus Aberg and loses puck.
12:37 of 1st period - Shot by Brandon Sutter.
12:37 of 1st period - Shot Misses the Net.
12:47 of 1st period - Shot by Pontus Aberg.
12:47 of 1st period - Shot Misses the Net.
12:49 of 1st period - Shot by Brett Pesce.
12:49 of 1st period - Shot Blocked by Max Lajoie.
14:59 of 1st period - Kaapo Kakko is hit by Curtis Lazar.
15:56 of 1st period - Shot by Ryan Carpenter .
15:56 of 1st period - Stopped by Ilya Samsonov without a rebound.
15:57 of 1st period - Thomas Novak wins face-off versus Connor Dewar in CAROLINA Hurricanes zone.
16:09 of 1st period - Thomas Novak is hit by Esa Lindell and loses puck.
16:24 of 1st period - Shot by Zachary Senyshyn.
16:24 of 1st period - Shot Misses the Net.
16:26 of 1st period - Shot by Alex Iafallo.
16:26 of 1st period - Stopped by Ilya Samsonov without a rebound.
16:27 of 1st period - Brandon Tanev wins face-off versus Brandon Sutter in CAROLINA Hurricanes zone.
16:59 of 1st period - Brandon Sutter is hit by Ryan Carpenter and loses puck.
17:40 of 1st period - Icing by Matt Dumba.
17:41 of 1st period - Mikael Granlund wins face-off versus Jack Hughes in BOSTON Bruins zone.
17:41 of 1st period - Mikael Granlund is hit by Wayne Simmonds.
17:44 of 1st period - Icing by Jonathan Marchessault.
17:45 of 1st period - Elias Pettersson wins face-off versus Jack Hughes in BOSTON Bruins zone.
17:45 of 1st period - Elias Pettersson is hit by Wayne Simmonds.
18:04 of 1st period - Minor Penalty to Owen Power for Tripping.
18:05 of 1st period - Jack Hughes wins face-off versus Andre Burakovsky in CAROLINA Hurricanes zone.
19:09 of 1st period - Shot by Adam Boqvist.
19:09 of 1st period - Stopped by Ilya Samsonov with a rebound.
19:11 of 1st period - Shot by Mikael Granlund.
19:11 of 1st period - Stopped by Ilya Samsonov without a rebound.
19:12 of 1st period - Elias Pettersson wins face-off versus Wayne Simmonds in CAROLINA Hurricanes zone.
19:15 of 1st period - Shot by Rasmus Andersson.
19:15 of 1st period - Shot Misses the Net.
19:17 of 1st period - Shot by Adam Boqvist.
19:17 of 1st period - Stopped by Ilya Samsonov without a rebound.
19:18 of 1st period - Wayne Simmonds wins face-off versus Elias Pettersson in CAROLINA Hurricanes zone.
19:49 of 1st period - Shot by Adam Boqvist.
19:49 of 1st period - Shot Misses the Net.
19:51 of 1st period - Shot by Elias Pettersson.
19:51 of 1st period - Deflect By Jonathan Marchessault.
19:51 of 1st period - Shot Misses the Net.
19:53 of 1st period - Shot by Mikael Granlund.
19:53 of 1st period - Shot Misses the Net.
19:55 of 1st period - Shot by Adam Boqvist.
19:55 of 1st period - Stopped by Ilya Samsonov without a rebound.
19:56 of 1st period - Jack Hughes wins face-off versus Andre Burakovsky in CAROLINA Hurricanes zone.
Goals for this period are 0 for BOSTON Bruins vs 0 for CAROLINA Hurricanes .
Shots for this period are 15 for BOSTON Bruins vs 2 for CAROLINA Hurricanes .

2nd period


0:01 of 2nd period - Elias Pettersson wins face-off versus Jack Hughes in neutral zone.
0:01 of 2nd period - Elias Pettersson is hit by Marcus Johansson.
0:04 of 2nd period - Off-side.
0:05 of 2nd period - Andre Burakovsky wins face-off versus Jack Hughes in neutral zone.
0:05 of 2nd period - Andre Burakovsky is hit by Wayne Simmonds.
0:11 of 2nd period - Shot by Kaapo Kakko.
0:11 of 2nd period - Shot Misses the Net.
0:37 of 2nd period - Shot by Andre Burakovsky.
0:37 of 2nd period - Shot Misses the Net.
0:57 of 2nd period - Jack Hughes is hit by Chris Kreider.
1:28 of 2nd period - Icing by Adam Boqvist.
1:29 of 2nd period - Brandon Sutter wins face-off versus Elias Pettersson in BOSTON Bruins zone.
1:57 of 2nd period - Shot by Pontus Aberg.
1:57 of 2nd period - Shot Blocked by Jonathan Marchessault.
1:59 of 2nd period - Shot by Brandon Sutter.
1:59 of 2nd period - Stopped by Jacob Markstrom with a rebound.
2:01 of 2nd period - Shot by Pontus Aberg.
2:01 of 2nd period - Goal by Pontus Aberg - BOSTON Bruins : 0 - CAROLINA Hurricanes : 1.
2:02 of 2nd period - Thomas Novak wins face-off versus Curtis Lazar in neutral zone.
2:10 of 2nd period - Alex Iafallo is hit by Blake Wheeler and loses puck.
2:14 of 2nd period - Icing by Henri Jokiharju.
2:15 of 2nd period - Thomas Novak wins face-off versus Brandon Sutter in BOSTON Bruins zone.
2:26 of 2nd period - Shot by Thomas Novak.
2:26 of 2nd period - Shot Blocked by Owen Power.
3:08 of 2nd period - Esa Lindell is hit by Henri Jokiharju and loses puck.
3:18 of 2nd period - Thomas Novak is hit by Ryan Ellis and loses puck.
3:34 of 2nd period - Mikael Granlund is hit by Ryan Ellis and loses puck.
3:37 of 2nd period - Shot by Jonathan Marchessault.
3:37 of 2nd period - Shot Misses the Net.
3:39 of 2nd period - Shot by Matt Dumba.
3:39 of 2nd period - Stopped by Ilya Samsonov without a rebound.
3:40 of 2nd period - Jack Hughes wins face-off versus Andre Burakovsky in CAROLINA Hurricanes zone.
3:40 of 2nd period - KAndre Miller is hit by Chris Kreider and loses puck.
4:15 of 2nd period - Cam York is hit by Chris Kreider and loses puck.
4:17 of 2nd period - Minor Penalty to Andre Burakovsky for Delaying the game.
4:18 of 2nd period - Wayne Simmonds wins face-off versus Ryan Carpenter in BOSTON Bruins zone.
5:35 of 2nd period - Shot by Owen Power.
5:35 of 2nd period - Shot Hit the Post.
6:36 of 2nd period - Icing by Cam York.
6:37 of 2nd period - Curtis Lazar wins face-off versus Jonathan Marchessault in CAROLINA Hurricanes zone.
6:37 of 2nd period - Curtis Lazar is hit by Mikael Granlund.
7:11 of 2nd period - Shot by Elias Pettersson.
7:11 of 2nd period - Shot Misses the Net.
7:27 of 2nd period - Shot by Kaapo Kakko.
7:27 of 2nd period - Shot Blocked by Cam York.
7:29 of 2nd period - Shot by Kaapo Kakko.
7:29 of 2nd period - Deflect By Andre Burakovsky.
7:29 of 2nd period - Shot Blocked by Blake Wheeler.
7:31 of 2nd period - Shot by Andre Burakovsky.
7:31 of 2nd period - Shot Misses the Net.
7:40 of 2nd period - Chris Kreider is hit by Cam York and loses puck.
7:43 of 2nd period - Shot by Kaapo Kakko.
7:43 of 2nd period - Stopped by Ilya Samsonov with a rebound.
7:45 of 2nd period - Shot by Henri Jokiharju.
7:45 of 2nd period - Goal by Henri Jokiharju - BOSTON Bruins : 1 - CAROLINA Hurricanes : 1.
7:46 of 2nd period - Thomas Novak wins face-off versus Connor Dewar in neutral zone.
7:53 of 2nd period - Shot by Zachary Senyshyn.
7:53 of 2nd period - Shot Misses the Net.
7:55 of 2nd period - Shot by Alex Iafallo.
7:55 of 2nd period - Shot Misses the Net.
8:32 of 2nd period - Alex Iafallo is hit by Brett Pesce.
8:51 of 2nd period - Kaapo Kakko is hit by Brett Pesce and loses puck.
9:00 of 2nd period - Shot by Chris Kreider.
9:00 of 2nd period - Stopped by Ilya Samsonov without a rebound.
9:01 of 2nd period - Brandon Sutter wins face-off versus Elias Pettersson in CAROLINA Hurricanes zone.
9:34 of 2nd period - Icing by Rasmus Andersson.
9:35 of 2nd period - Curtis Lazar wins face-off versus Elias Pettersson in BOSTON Bruins zone.
9:35 of 2nd period - Cam York is hit by Rasmus Andersson and loses puck.
9:41 of 2nd period - Blake Wheeler is hit by Adam Boqvist and loses puck.
9:50 of 2nd period - Shot by Jack Hughes.
9:50 of 2nd period - Shot Misses the Net.
9:52 of 2nd period - Shot by Curtis Lazar.
9:52 of 2nd period - Shot Blocked by Rasmus Andersson.
10:36 of 2nd period - Icing by Dmitri Orlov.
10:37 of 2nd period - Brandon Sutter wins face-off versus Andre Burakovsky in BOSTON Bruins zone.
10:48 of 2nd period - Shot by Brandon Sutter.
10:48 of 2nd period - Shot Blocked by Chris Kreider.
10:50 of 2nd period - Shot by Brandon Sutter.
10:50 of 2nd period - Stopped by Jacob Markstrom with a rebound.
11:14 of 2nd period - Shot by James van Riemsdyk.
11:14 of 2nd period - Stopped by Jacob Markstrom without a rebound.
11:15 of 2nd period - Connor Dewar wins face-off versus Elias Pettersson in BOSTON Bruins zone.
11:48 of 2nd period - Owen Power is hit by Jonathan Marchessault.
11:51 of 2nd period - Connor Dewar is hit by Mikael Granlund and loses puck.
13:08 of 2nd period - Brandon Sutter is hit by Matt Dumba and loses puck.
13:16 of 2nd period - Minor Penalty to Blake Wheeler for Tripping.
13:17 of 2nd period - Jack Hughes wins face-off versus Elias Pettersson in CAROLINA Hurricanes zone.
13:37 of 2nd period - Icing by Elias Pettersson.
13:38 of 2nd period - James van Riemsdyk wins face-off versus Elias Pettersson in BOSTON Bruins zone.
13:59 of 2nd period - Adam Boqvist is hit by James van Riemsdyk and loses puck.
14:41 of 2nd period - Brett Pesce is hit by Kaapo Kakko and loses puck.
14:46 of 2nd period - Shot by Kaapo Kakko.
14:46 of 2nd period - Shot Misses the Net.
14:48 of 2nd period - Shot by Dmitri Orlov.
14:48 of 2nd period - Shot Misses the Net.
15:15 of 2nd period - Icing by Mikael Granlund.
15:16 of 2nd period - Brandon Sutter wins face-off versus Thomas Novak in BOSTON Bruins zone.
15:32 of 2nd period - Shot by Zachary Senyshyn.
15:32 of 2nd period - Deflect By Thomas Novak.
15:32 of 2nd period - Stopped by Ilya Samsonov with a rebound.
15:47 of 2nd period - Shot by Thomas Novak.
15:47 of 2nd period - Shot Blocked by Brandon Sutter.
16:10 of 2nd period - Icing by Henri Jokiharju.
16:11 of 2nd period - Thomas Novak wins face-off versus Connor Dewar in BOSTON Bruins zone.
16:54 of 2nd period - Shot by Mikael Granlund.
16:54 of 2nd period - Shot Misses the Net.
16:56 of 2nd period - Shot by Elias Pettersson.
16:56 of 2nd period - Stopped by Ilya Samsonov without a rebound.
16:57 of 2nd period - Curtis Lazar wins face-off versus Andre Burakovsky in CAROLINA Hurricanes zone.
16:59 of 2nd period - Icing by Esa Lindell.
17:00 of 2nd period - Blake Wheeler wins face-off versus Andre Burakovsky in CAROLINA Hurricanes zone.
17:28 of 2nd period - Icing by Adam Boqvist.
17:29 of 2nd period - Kaapo Kakko wins face-off versus Brandon Sutter in BOSTON Bruins zone.
17:38 of 2nd period - Shot by Andre Burakovsky.
17:38 of 2nd period - Shot Misses the Net.
17:50 of 2nd period - Shot by Andre Burakovsky.
17:50 of 2nd period - Shot Misses the Net.
18:06 of 2nd period - Shot by Pontus Aberg.
18:06 of 2nd period - Shot Misses the Net.
18:15 of 2nd period - Shot by Mikael Granlund.
18:15 of 2nd period - Stopped by Ilya Samsonov without a rebound.
18:16 of 2nd period - Thomas Novak wins face-off versus Wayne Simmonds in CAROLINA Hurricanes zone.
18:41 of 2nd period - Shot by Alex Iafallo.
18:41 of 2nd period - Stopped by Ilya Samsonov without a rebound.
18:42 of 2nd period - Elias Pettersson wins face-off versus Curtis Lazar in CAROLINA Hurricanes zone.
18:42 of 2nd period - Minor Penalty to Owen Power for Slashing.
18:43 of 2nd period - Jack Hughes wins face-off versus Elias Pettersson in CAROLINA Hurricanes zone.
18:43 of 2nd period - Jack Hughes is hit by Mikael Granlund.
18:53 of 2nd period - Brett Pesce is hit by Jonathan Marchessault and loses puck.
19:12 of 2nd period - Shot by Matt Dumba.
19:12 of 2nd period - Stopped by Ilya Samsonov without a rebound.
19:13 of 2nd period - Jack Hughes wins face-off versus Andre Burakovsky in CAROLINA Hurricanes zone.
Goals for this period are 1 for BOSTON Bruins vs 1 for CAROLINA Hurricanes .
Shots for this period are 9 for BOSTON Bruins vs 4 for CAROLINA Hurricanes .

3rd period


0:01 of 3rd period - Elias Pettersson wins face-off versus Jack Hughes in neutral zone.
0:18 of 3rd period - Shot by Dmitri Orlov.
0:18 of 3rd period - Shot Misses the Net.
0:20 of 3rd period - Shot by Matt Dumba.
0:20 of 3rd period - Stopped by Ilya Samsonov with a rebound.
0:22 of 3rd period - Shot by Mikael Granlund.
0:22 of 3rd period - Shot Blocked by Brett Pesce.
0:24 of 3rd period - Shot by Matt Dumba.
0:24 of 3rd period - Goal by Matt Dumba - BOSTON Bruins : 2 - CAROLINA Hurricanes : 1.
0:25 of 3rd period - Andre Burakovsky wins face-off versus Brandon Sutter in neutral zone.
1:00 of 3rd period - Shot by Pontus Aberg.
1:00 of 3rd period - Shot Misses the Net.
1:02 of 3rd period - Shot by Brandon Sutter.
1:02 of 3rd period - Shot Blocked by Adam Boqvist.
1:09 of 3rd period - Pontus Aberg is hit by Rasmus Andersson and loses puck.
1:41 of 3rd period - Jonathan Marchessault is hit by Ryan Ellis and loses puck.
1:59 of 3rd period - Mikael Granlund is hit by Brett Pesce and loses puck.
2:15 of 3rd period - Minor Penalty to Brett Pesce for Goalie Interference.
2:16 of 3rd period - Blake Wheeler wins face-off versus Andre Burakovsky in CAROLINA Hurricanes zone.
2:31 of 3rd period - Shot by Adam Boqvist.
2:31 of 3rd period - Stopped by Ilya Samsonov without a rebound.
2:32 of 3rd period - Jack Hughes wins face-off versus Elias Pettersson in CAROLINA Hurricanes zone.
2:54 of 3rd period - Icing by Matt Dumba.
2:55 of 3rd period - Jonathan Marchessault wins face-off versus Wayne Simmonds in BOSTON Bruins zone.
3:33 of 3rd period - Icing by Rasmus Andersson.
3:34 of 3rd period - Andre Burakovsky wins face-off versus Jack Hughes in BOSTON Bruins zone.
3:49 of 3rd period - Shot by Rasmus Andersson.
3:49 of 3rd period - Stopped by Ilya Samsonov without a rebound.
3:50 of 3rd period - Elias Pettersson wins face-off versus Jack Hughes in CAROLINA Hurricanes zone.
3:55 of 3rd period - Shot by Mikael Granlund.
3:55 of 3rd period - Stopped by Ilya Samsonov without a rebound.
3:56 of 3rd period - Marcus Johansson wins face-off versus Andre Burakovsky in CAROLINA Hurricanes zone.
4:05 of 3rd period - Shot by Matt Dumba.
4:05 of 3rd period - Stopped by Ilya Samsonov without a rebound.
4:06 of 3rd period - Jack Hughes wins face-off versus Elias Pettersson in CAROLINA Hurricanes zone.
4:14 of 3rd period - Icing by Elias Pettersson.
4:15 of 3rd period - Brandon Sutter wins face-off versus Zachary Senyshyn in BOSTON Bruins zone.
4:27 of 3rd period - Brandon Sutter is hit by Matt Dumba and loses puck.
4:31 of 3rd period - Minor Penalty to Matt Dumba for Interference.
4:32 of 3rd period - Andre Burakovsky wins face-off versus Jack Hughes in BOSTON Bruins zone.
4:32 of 3rd period - Andre Burakovsky is hit by Wayne Simmonds.
5:17 of 3rd period - Icing by Esa Lindell.
5:18 of 3rd period - Andre Burakovsky wins face-off versus Jack Hughes in CAROLINA Hurricanes zone.
5:18 of 3rd period - Mikael Granlund is hit by Esa Lindell and loses puck.
5:39 of 3rd period - Shot by Brett Pesce.
5:39 of 3rd period - Stopped by Jacob Markstrom without a rebound.
5:40 of 3rd period - Elias Pettersson wins face-off versus Pontus Aberg in BOSTON Bruins zone.
6:07 of 3rd period - Shot by Brett Pesce.
6:07 of 3rd period - Shot Blocked by Ryan Carpenter .
6:09 of 3rd period - Shot by Brett Pesce.
6:09 of 3rd period - Shot Blocked by Rasmus Andersson.
6:11 of 3rd period - Shot by Pontus Aberg.
6:11 of 3rd period - Shot Misses the Net.
6:13 of 3rd period - Shot by Brandon Sutter.
6:13 of 3rd period - Stopped by Jacob Markstrom without a rebound.
6:14 of 3rd period - Andre Burakovsky wins face-off versus Jack Hughes in BOSTON Bruins zone.
6:29 of 3rd period - Shot by Jack Hughes.
6:29 of 3rd period - Stopped by Jacob Markstrom without a rebound.
6:30 of 3rd period - Brandon Sutter wins face-off versus Andre Burakovsky in BOSTON Bruins zone.
6:36 of 3rd period - Jack Hughes is hit by Henri Jokiharju and loses puck.
6:59 of 3rd period - Shot by Jack Hughes.
6:59 of 3rd period - Stopped by Jacob Markstrom without a rebound.
7:00 of 3rd period - Brandon Sutter wins face-off versus Elias Pettersson in BOSTON Bruins zone.
7:03 of 3rd period - Shot by Brandon Sutter.
7:03 of 3rd period - Stopped by Jacob Markstrom without a rebound.
7:04 of 3rd period - Brandon Sutter wins face-off versus Elias Pettersson in BOSTON Bruins zone.
7:15 of 3rd period - Shot by Brett Pesce.
7:15 of 3rd period - Deflect By Brandon Sutter.
7:15 of 3rd period - Shot Hit the Post.
7:49 of 3rd period - Shot by Jonathan Marchessault.
7:49 of 3rd period - Stopped by Ilya Samsonov without a rebound.
7:50 of 3rd period - Andre Burakovsky wins face-off versus Jack Hughes in CAROLINA Hurricanes zone.
9:25 of 3rd period - Zachary Senyshyn is hit by James van Riemsdyk and loses puck.
10:06 of 3rd period - Shot by Brett Pesce.
10:06 of 3rd period - Stopped by Jacob Markstrom without a rebound.
10:07 of 3rd period - Elias Pettersson wins face-off versus Connor Dewar in BOSTON Bruins zone.
10:33 of 3rd period - Minor Penalty to Jonathan Marchessault for Interference.
10:34 of 3rd period - Brandon Sutter wins face-off versus Andre Burakovsky in BOSTON Bruins zone.
10:51 of 3rd period - Shot by Ryan Ellis.
10:51 of 3rd period - Shot Misses the Net.
12:19 of 3rd period - Off-side.
12:20 of 3rd period - Brandon Sutter wins face-off versus Andre Burakovsky in neutral zone.
12:20 of 3rd period - Brandon Sutter is hit by Mikael Granlund.
13:13 of 3rd period - Shot by Alex Iafallo.
13:13 of 3rd period - Stopped by Ilya Samsonov without a rebound.
13:14 of 3rd period - Ryan Carpenter wins face-off versus Brandon Sutter in CAROLINA Hurricanes zone.
14:36 of 3rd period - Shot by Elias Pettersson.
14:36 of 3rd period - Stopped by Ilya Samsonov with a rebound.
14:38 of 3rd period - Shot by Jonathan Marchessault.
14:38 of 3rd period - Stopped by Ilya Samsonov without a rebound.
14:39 of 3rd period - Connor Dewar wins face-off versus Andre Burakovsky in CAROLINA Hurricanes zone.
14:44 of 3rd period - Alexandre Texier is hit by Chris Kreider and loses puck.
16:07 of 3rd period - Shot by James van Riemsdyk.
16:07 of 3rd period - Stopped by Jacob Markstrom without a rebound.
16:08 of 3rd period - Curtis Lazar wins face-off versus Ryan Carpenter in BOSTON Bruins zone.
16:11 of 3rd period - Shot by Blake Wheeler.
16:11 of 3rd period - Shot Misses the Net.
16:19 of 3rd period - Shot by Jack Hughes.
16:19 of 3rd period - Stopped by Jacob Markstrom without a rebound.
16:20 of 3rd period - Thomas Novak wins face-off versus Curtis Lazar in BOSTON Bruins zone.
17:07 of 3rd period - Esa Lindell is hit by Zachary Senyshyn and loses puck.
17:45 of 3rd period - Icing by Adam Boqvist.
17:46 of 3rd period - Connor Dewar wins face-off versus Elias Pettersson in BOSTON Bruins zone.
17:51 of 3rd period - Shot by Alexandre Texier.
17:51 of 3rd period - Shot Misses the Net.
17:57 of 3rd period - Shot by Connor Dewar.
17:57 of 3rd period - Stopped by Jacob Markstrom without a rebound.
17:58 of 3rd period - Brandon Sutter wins face-off versus Andre Burakovsky in BOSTON Bruins zone.
18:22 of 3rd period - Henri Jokiharju is hit by Ryan Ellis and loses puck.
18:35 of 3rd period - Shot by Brett Pesce.
18:35 of 3rd period - Stopped by Jacob Markstrom without a rebound.
18:36 of 3rd period - Mikael Granlund wins face-off versus Jack Hughes in BOSTON Bruins zone.
18:36 of 3rd period - Mikael Granlund is hit by Wayne Simmonds.
18:44 of 3rd period - Esa Lindell is hit by Jonathan Marchessault and loses puck.
19:01 of 3rd period - CAROLINA Hurricanes , Ilya Samsonov is pulled from the net.
19:11 of 3rd period - Shot by Mikael Granlund.
19:11 of 3rd period - Deflect By Jonathan Marchessault.
19:11 of 3rd period - Shot Misses the Net.
19:19 of 3rd period - Elias Pettersson is hit by Wayne Simmonds and loses puck.
19:32 of 3rd period - Brett Pesce is hit by Elias Pettersson and loses puck.
19:40 of 3rd period - Icing by Brett Pesce.
19:41 of 3rd period - Ilya Samsonov from CAROLINA Hurricanes was sent back in the game.
19:41 of 3rd period - Blake Lizotte wins face-off versus Andre Burakovsky in CAROLINA Hurricanes zone.
19:41 of 3rd period - Brett Pesce is hit by Kaapo Kakko and loses puck.
19:49 of 3rd period - Matt Dumba is hit by Brett Pesce and loses puck.
Goals for this period are 1 for BOSTON Bruins vs 0 for CAROLINA Hurricanes .
Shots for this period are 10 for BOSTON Bruins vs 10 for CAROLINA Hurricanes .